 Dungeon Crawl Stone Soup version 0.20.1-1-g8b1a95d66d (webtiles) character file.

4235 Peloso the Carver (level 10, -2/66 HPs)
             Began as a Halfling Fighter on Dec 8, 2017.
             Was an Initiate of Okawaru.
             Slain by a killer bee (5 damage)
             ... on level 9 of the Dungeon.
             The game lasted 00:20:09 (8012 turns).

Peloso the Carver (Halfling Fighter)                Turns: 8012, Time: 00:20:10

Health: -2/66      AC: 10    Str: 20    XL:     10   Next: 55%
Magic:  10/10      EV: 11    Int:  6    God:    Okawaru [......]
Gold:   383        SH: 13    Dex: 15    Spells: 9/9 levels left

rFire    . . .     SeeInvis +   a - +1 long sword
rCold    . . .     Gourm    .   c - +1 shield
rNeg     . . .     Faith    .   b - +0 chain mail
rPois    .         Spirit   .   (no helmet)
rElec    .         Reflect  .   (no cloak)
rCorr    .         Harm     .   (no gloves)
MR       .....                  (no boots)
Stlth    ..........             (no amulet)
Regen    0.3/turn               h - +1 ring of evasion
MPRegen  0.2/turn               i - ring of see invisible

@: lethally poisoned (-2 -> -3)
A: mutation resistance 1
a: Renounce Religion


You were on level 9 of the Dungeon.
You worshipped Okawaru.
Okawaru was noncommittal.
You were not hungry.

You visited 2 branches of the dungeon, and saw 10 of its levels.

You collected 383 gold pieces.

Inventory:

Hand Weapons
 a - a +1 long sword (weapon)
 t - the +5 whip "Qoleilet" {pain, rN+ Str+4 Dex+6}
   (You found it on level 4 of the Dungeon)

   In the hands of one skilled in necromantic magic, it inflicts extra damage on
   living creatures.
   It affects your strength (+4).
   It affects your dexterity (+6).
   It protects you from negative energy.
Armour
 b - a +0 chain mail (worn)
 c - a +1 shield (worn)
Jewellery
 d - an uncursed ring of stealth
 h - a +1 ring of evasion (left hand)
 i - a ring of see invisible (right hand)
 z - an uncursed ring of resist corrosion {unknown}
Wands
 l - a wand of acid (9/15)
 w - a wand of confusion (14/48)
Scrolls
 m - 2 scrolls of magic mapping
 o - 5 scrolls of remove curse
 r - 2 scrolls of enchant armour
 u - a scroll of holy word {unknown}
 x - a scroll of identify
 y - a scroll of fog {unknown}
Potions
 g - a potion of magic {unknown}
 n - 2 potions of cancellation
 p - a potion of heal wounds {unknown}
 q - a potion of invisibility
 v - 3 potions of berserk rage {unknown}
Books
 e - Sif Muna's Grimoire of Enhancements
   (You found it on level 7 of the Dungeon)

   Spells                             Type                      Level
   a - Infusion                       Charms                       1
Comestibles
 f - 8 bread rations
 j - 4 fruits
 k - 4 meat rations


   Skills:
 + Level 5.3 Fighting
 + Level 9.1 Long Blades
 + Level 1.7 Maces & Flails
 + Level 8.0 Armour
 + Level 3.2 Dodging
 + Level 1.9 Stealth
 + Level 8.3 Shields


You had 9 spell levels left.
You didn't know any spells.

Dungeon Overview and Level Annotations

Branches:
Dungeon (9/15)             Temple (1/1) D:7
   Lair: D:8-11         Orc: D:9-12

Altars:
Ashenzari
Cheibriados
Dithmenos
Elyvilon
Fedhas
Gozag
Hepliaklqana
Kikubaaqudgha
Makhleb
Nemelex Xobeh
Okawaru
Qazlal
Sif Muna
Trog
Uskayaw
Xom
Yredelemnul
Zin
The Shining One

Shops:
D:5 (


Innate Abilities, Weirdness & Mutations

You are small and have problems with some larger weapons.
You are somewhat resistant to further mutation.


Message History

You enter a teleport trap!
The teleport trap disappears.
Your surroundings seem slightly different.
You feel sick.
You feel sick.
The phantom blinks!
The killer bee barely misses you.
You feel sick. The killer bee misses you.
You riposte.
You hit the killer bee but do no damage.
The phantom blinks!
You block the killer bee's attack. You block the killer bee's attack.
You block the killer bee's attack.
You feel sick. You block the killer bee's attack.
The killer bee stings you but does no damage.
The killer bee stings you but does no damage.
You feel sick. The killer bee barely misses you. The killer bee stings you.
* * * LOW HITPOINT WARNING * * *
The killer bee barely misses you. You block the killer bee's attack.
You feel sick. The killer bee stings you.
You die...

#...#####.# #........
##.........######........
..................#######
.......)....####..#
............# #..#
............# #..########
............# #..........
............# #..........
............# #@..######.
............# #y..#
.........O..# #...#
............# #W..######..
............####...........
............O..O...........
###########################


You could see a phantom, an ogre and a killer bee.

Vanquished Creatures
  A two-headed ogre (D:9)
  The ghost of Giliarius the Cutter, a novice DsAs of Nemelex Xobeh (D:8)
  The ghost of Giliarius the Grave Robber, an amateur DENe (D:4)
  2 necrophages
  An ice beast (D:8)
  5 ogres
  A black bear (D:8)
  A sky beast (D:5)
  A phantom (D:8)
  A crocodile (D:8)
  4 bullfrogs
  3 killer bees (D:9)
  5 wights (D:8)
  7 crimson imps
  3 howler monkeys (D:7)
  4 orc priests
  2 centaur skeletons
  A gnoll shaman (D:6)
  4 hounds
  6 jellies
  5 orc wizards
  An iguana (D:7)
  A worker ant (D:4)
  2 hound skeletons (D:7)
  3 gnolls (D:5)
  7 adders
  A river rat (D:3)
  An adder skeleton (D:7)
  5 worms
  2 dart slugs
  5 leopard geckos
  20 orcs
  5 giant cockroaches
  4 goblins
  8 hobgoblins
  7 jackals
  6 kobolds
  2 quokkas
  4 ball pythons
  3 bats
  7 frilled lizards
  A giant cockroach zombie (D:5)
  13 rats
167 creatures vanquished.

Vanquished Creatures (others)
  A sky beast (D:7)
  A scorpion (D:7)
2 creatures vanquished.

Grand Total: 169 creatures vanquished

Notes
Turn   | Place    | Note
-------+----------+-------------------------------------------
     0 | D:1      | Peloso the Halfling Fighter began the quest for the Orb.
     0 | D:1      | Reached XP level 1. HP: 15/15 MP: 1/1
   110 | D:1      | Reached XP level 2. HP: 18/20 MP: 2/2
   279 | D:1      | Reached XP level 3. HP: 19/25 MP: 3/3
   496 | D:2      | Found a faded altar of an unknown god.
   906 | D:2      | Reached XP level 4. HP: 15/31 MP: 4/4
  1251 | D:3      | Found a shattered altar of Ashenzari.
  1298 | D:3      | Found a blossoming altar of Fedhas.
  1312 | D:3      | Reached skill level 1 in Dodging
  1491 | D:3      | Reached skill level 3 in Long Blades
  1491 | D:3      | Reached XP level 5. HP: 6/36 MP: 5/5
  1524 | D:3      | Found a sparkling altar of Nemelex Xobeh.
  1959 | D:4      | Noticed Giliarius's ghost (amateur DENe)
  1969 | D:4      | Killed Giliarius's ghost
  1969 | D:4      | Reached skill level 4 in Long Blades
  1969 | D:4      | Reached XP level 6. HP: 18/42 MP: 6/6
  2003 | D:4      | Noticed an ogre
  2007 | D:4      | Killed an ogre
  2007 | D:4      | Reached XP level 7. HP: 23/46 MP: 7/7
  2279 | D:4      | Got an encrusted whip
  2280 | D:4      | Identified the +5 whip "Qoleilet" {pain, rN+ Str+4 Dex+6} (You found it on level 4 of the Dungeon)
  2514 | D:4      | Reached skill level 5 in Armour
  2604 | D:5      | Entered Level 5 of the Dungeon
  2649 | D:5      | Reached skill level 5 in Long Blades
  2736 | D:5      | Found Ciywkun's Weapon Boutique.
  2893 | D:5      | Noticed a moth of wrath
  2896 | D:5      | Found a bloodstained altar of Trog.
  2996 | D:5      | Found a basalt altar of Yredelemnul.
  3080 | D:5      | Noticed a hand axe
  3081 | D:5      | Noticed a hand axe
  3083 | D:5      | Found a hide-covered altar of Uskayaw.
  3224 | D:5      | Reached skill level 1 in Stealth
  3346 | D:5      | Reached skill level 5 in Shields
  3346 | D:5      | Reached XP level 8. HP: 46/53 MP: 8/8
  4455 | D:6      | Reached skill level 6 in Long Blades
  5170 | D:7      | Reached skill level 1 in Maces & Flails
  5383 | D:7      | Found a deep blue altar of Sif Muna.
  5420 | D:7      | Reached XP level 9. HP: 43/58 MP: 9/9
  5680 | D:7      | Identified Sif Muna's Grimoire of Enhancements
  6194 | D:7      | Found a staircase to the Ecumenical Temple.
  6206 | Temple   | Entered the Ecumenical Temple
  6437 | D:8      | Reached skill level 7 in Long Blades
  7057 | D:8      | Reached skill level 8 in Long Blades
  7082 | D:8      | Noticed Giliarius's ghost (novice DsAs)
  7105 | D:8      | Killed Giliarius's ghost
  7105 | D:8      | Reached skill level 5 in Fighting
  7105 | D:8      | Reached XP level 10. HP: 30/65 MP: 10/10
  7108 | D:8      | Found a hazy altar of Hepliaklqana.
  7108 | D:8      | Found a glowing silver altar of Zin.
  7109 | D:8      | Found a stormy altar of Qazlal.
  7150 | D:8      | Found an iron altar of Okawaru.
  7158 | D:8      | Became a worshipper of Warmaster Okawaru
  7647 | D:9      | Noticed a two-headed ogre
  7658 | D:9      | Killed a two-headed ogre
  7658 | D:9      | Reached skill level 9 in Long Blades
  8009 | D:9      | HP: 3/66 [killer bee (1)]
  8012 | D:9      | Slain by a killer bee

Skill      XL: |  1  2  3  4  5  6  7  8  9 10 |
---------------+-------------------------------+-----
Fighting       | 3 4 5 |  5.3
Dodging        | 1 2 3 |  3.2
Armour         | 4 5 6 7 8 |  8.0
Long Blades    | 3 4 5 6 8 9 |  9.1
Shields        | 4 5 6 7 8 |  8.3
Stealth        | 1 |  1.9
Maces & Flails | 1 |  1.7

Action                   |  1- 3 |  4- 6 |  7- 9 | 10-12 || total
-------------------------+-------+-------+-------+-------++-------
Melee: Long sword        |   135 |   105 |   503 |    56 ||   799
       Whip              |       |       |    72 |       ||    72
  Use: Scroll            |       |     6 |    10 |       ||    16
       Potion            |       |     2 |     4 |     1 ||     7
  Eat: Chunk             |       |     4 |    10 |     3 ||    17
       Meat ration       |       |       |     1 |       ||     1
       Fruit             |       |       |     1 |     2 ||     3
Armor: Scale mail        |    48 |    31 |    83 |       ||   162
       Chain mail        |       |       |    95 |    20 ||   115
Dodge: Dodged            |    62 |    37 |   182 |    31 ||   312
Block: Shield            |    91 |    55 |   320 |    63 ||   529
       Rpst.: Long sword |    17 |    13 |    54 |     7 ||    91
